 Dungeon Crawl Stone Soup version 0.29-a0-1042-g87b1fcd763 (webtiles) character file.

Game seed: 9364643182885241890

23 polve the Trooper (level 2, -2/24 HPs)
             Began as a Demonspawn Abyssal Knight on Aug 15, 2022.
             Was a Follower of Lugonu.
             Succumbed to an adder's poison
             ... on level 2 of the Dungeon.
             The game lasted 00:00:48 (2190 turns).

polve the Trooper (Demonspawn Abyssal Knight)       Turns: 2190, Time: 00:00:49

Health: -2/24      AC:  3    Str: 13    XL:     2   Next: 72%
Magic:  3/3        EV: 11    Int: 11    God:    Lugonu [*.....]
Gold:   101        SH:  0    Dex: 13    Spells: 1/1 levels left

rFire   . . .      SeeInvis .   a - +1 hand axe
rCold   . . .      Faith    .   (no shield)
rNeg    . . .      Spirit   .   b - +0 leather armour
rPois   .          Reflect  .   (helmet restricted)
rElec   .          Harm     .   (no cloak)
rCorr   .          Rampage  .   (no gloves)
Will    .....                   (no boots)
Stlth   +.........              (no amulet)
HPRegen 0.08/turn               (no ring)
MPRegen 0.08/turn               (no ring)

@: lethally poisoned (-2 -> -14)
A: antennae 1
a: Renounce Religion, Depart the Abyss


You were on level 2 of the Dungeon.
You worshipped Lugonu.
Lugonu was aware of your devotion.
You visited 1 branch of the dungeon, and saw 2 of its levels.
You visited the Abyss 1 time.

You collected 101 gold pieces.

Inventory:

Hand Weapons
 a - a +1 hand axe (weapon)
Armour
 b - a +0 leather armour (worn)
Scrolls
 f - a scroll of identify {unknown}
 g - a scroll of teleportation {unknown}
 h - a scroll of summoning {unknown}
Potions
 c - a potion of invisibility {unknown}
 d - a potion of haste {unknown}
 e - a potion of lignification {unknown}
 i - a potion of attraction {unknown}
 j - 2 potions of ambrosia {unknown}
 k - a potion of degeneration {unknown}


   Skills:
 - Level 3.0 Fighting
 + Level 3.0 Axes
 - Level 1.7 Armour
 - Level 0.8 Dodging
 - Level 2.4 Invocations


You had one spell level left.
You didn't know any spells.
Your spell library was empty.

Dungeon Overview and Level Annotations

Branches:
Dungeon (2/15)

Altars:

Shops:
D:1 =


Innate Abilities, Weirdness & Mutations

You have a pair of small antennae on your head.


Message History

The adder poisons you!
You are too injured to fight recklessly!
You are too injured to fight recklessly!
You are too injured to fight recklessly!
You are too injured to fight recklessly!
You are too injured to fight recklessly!
You are too injured to fight recklessly!
An adder is nearby!
An adder is nearby!
You barely miss the adder.
The adder is severely wounded.
You feel very sick. The adder closely misses you.
You hit the adder.
The adder is severely wounded.
You feel sick. The adder bites you. The adder barely misses you.
You hit the adder but do no damage.
The adder is severely wounded.
You feel sick. The adder bites you.
You closely miss the adder.
The adder is severely wounded.
You feel sick. The adder bites you.
* * * LOW HITPOINT WARNING * * *
You are lethally poisoned!
The adder poisons you! The adder bites you but does no damage.
You closely miss the adder.
The adder is severely wounded.
* * * LOW HITPOINT WARNING * * *
You feel sick. The adder barely misses you.
You barely miss the adder.
The adder is severely wounded.
* * * LOW HITPOINT WARNING * * *
You feel sick. The adder barely misses you. The adder bites you.
* * * LOW HITPOINT WARNING * * *
You are more poisoned.
The adder poisons you!
You hit the adder.
You kill the adder!
Lugonu accepts your kill.
You die...

#### ..###### #♣
#.##...## .#..###
#.#..[..##
.......########........#
#.#$...@...............#
....#..########<.......#
# #.... #.#...>.##
....... . #.##...##
#####.. #>..##.###.##
#.. #......#.# #..
#...##.#.#.# #.. ##.
#.#.#.. # #.#.###


There were no monsters in sight!

Vanquished Creatures
  An adder (D:2)
  3 bats (D:1)
  3 endoplasms (D:1)
  3 goblins (D:1)
  2 hobgoblins (D:1)
  2 quokkas (D:1)
  A ball python (D:1)
  2 frilled lizards (D:1)
  A kobold (D:1)
  3 rats (D:1)
21 creatures vanquished.

Notes
Turn   | Place    | Note
-------+----------+-------------------------------------------
     0 | Abyss:1  | polve the Demonspawn Abyssal Knight began the quest for the
                  | Orb.
     0 | Abyss:1  | Reached XP level 1. HP: 18/18 MP: 2/2
     0 | D:1      | Escaped the Abyss
   159 | D:1      | Found a faded altar of an unknown god.
   457 | D:1      | Gained mutation: You have a pair of small antennae on your
                  | head. [demonic ancestry]
   457 | D:1      | Reached XP level 2. HP: 23/24 MP: 3/3
   714 | D:1      | Reached ** piety under Lugonu
  1745 | D:1      | Found Qovybb's Jewellery Shoppe.
  2189 | D:2      | HP: 1/24 [adder (2)]
  2190 | D:2      | Succumbed to an adder's poison

Illustrated notes

Levels and vault maps discovered:
D:1:      nicolae_arrival_somewhat_less_tricky_arrival, layout_basic,
          shapermc_ecumenical_altar_venn, serial_shops, nicolae_lakefront_shop
D:2:      layout_loops_ring, basic_altar, serial_shops, nicolae_shop_trees,
          shop_fountains, nicolae_lakefront_shop,
          nicolae_shop_bloodbath_and_beyond, nicolae_shop_hallway_plus,
          glass_columns_a

Skill      XL: |  1  2 |
---------------+-------+-----
Axes           | 2 3 |  3.0
Fighting       | |  3.0
Armour         | |  1.7
Dodging        | |  0.8
Invocations    | |  2.4

Action                   || total
-------------------------++-------
Melee: Hand axe          ||    63
Invok: Depart the Abyss  ||     1
Armor: Leather armour    ||    26
Dodge: Dodged            ||    42

Table legend: (Time is in decaauts)
 A = Elapsed time spent in this place.
 B = Non-inter-level travel time spent in this place.
 C = Inter-level travel time spent in this place.
 D = Time resting spent in this place.
 E = Time spent auto-exploring this place.
 F = Levels seen in this place.
 G = Mean time per level.
                   A        B        C        D        E       F      G
               +--------+--------+--------+--------+--------+-----+--------+
         Total |   2199 |   2140 |     59 |      0 |   1969 |   3 |  733.0 |
       Dungeon |   2199 |   2140 |     59 |      0 |   1969 |   2 | 1099.5 |
         Abyss |      0 |      0 |      0 |      0 |      0 |   1 |    0.0 |
               +--------+--------+--------+--------+--------+-----+--------+

Top non-repeatable levels by time:
     D:1: 2157 daAuts
     D:2: 42 daAuts
